 Dungeon Crawl Stone Soup version 0.31.0-9-g3a7656b989 (webtiles) character file.

Game seed: 13345237260221917513

140 7w4c the Covert (level 5, -1/38 HPs)
             Began as a Vampire Brigand on Jan 24, 2024.
             Slain by a white imp (4 damage)
             ... on level 4 of the Dungeon.
             The game lasted 00:08:06 (2548 turns).

7w4c the Covert (Vampire Brigand)                   Turns: 2548, Time: 00:08:07

Health: -1/38      AC:  4    Str: 10    XL:     5   Next: 2%
Magic:  5/5        EV: 27    Int: 14    God:
Gold:   106        SH:  0    Dex: 17    Spells: 4/4 levels left

rFire   . . .        a - +2 dagger
rCold   . . .        (no shield)
rNeg    . . .        b - +2 robe
rPois   .            (helmet currently unavailable)
rElec   .            c - melded +0 cloak
rCorr   .            (gloves currently unavailable)
SInv    +            (boots currently unavailable)
Will    .....        q - amulet of the acrobat
Stlth   ++++         (no ring)
HPRegen 0.46/turn    (no ring)
MPRegen 0.09/turn

%: acrobat
@: beast-form, weak-willed, acrobatic, healing quickly
A: beast (slay +0), alive, fangs 3, see invisible, vampiric 2
a: Exsanguinate, Begin Untransformation


You were on level 4 of the Dungeon.
You were a hulking beast.
You visited 1 branch of the dungeon, and saw 4 of its levels.

You collected 106 gold pieces.

Inventory:

Hand Weapons
 a - a +2 dagger (weapon)
Missiles
 d - 12 poisoned darts (quivered)
 e - 3 curare-tipped darts
 p - 6 darts of dispersal
Armour
 b - a +2 robe (worn)
 c - a +0 cloak (melded)
Jewellery
 q - an amulet of the acrobat (around neck)
Talismans
 r - a beast talisman (active)
Scrolls
 k - a scroll of blinking {unknown}
 l - a scroll of vulnerability
 n - a scroll of fear {unknown}
 v - a scroll of amnesia {unknown}
 x - 2 scrolls of torment {unknown}
 y - a scroll of identify {unknown}
Potions
 f - a potion of heal wounds
 g - a potion of curing {unknown}
 i - a potion of mutation {unknown}
 j - a potion of haste
 m - a potion of might {unknown}
 o - 3 potions of attraction {unknown}
 s - a potion of brilliance {unknown}
 t - a potion of lignification {unknown}
 u - 4 potions of degeneration {unknown}
 w - 4 potions of enlightenment {unknown}


   Skills:
 + Level 2.2 Fighting
 + Level 3.1 Short Blades
 + Level 1.7 Throwing
 + Level 2.0 Dodging
 + Level 8.1 Stealth
 + Level 0.6 Shapeshifting


You had 4 spell levels left.
You didn't know any spells.
Your spell library contained the following spells:

 Spells                   Type           Power      Damage    Failure   Level
 Magic Dart               Conj           0%         1d3       28%         1
 Blink                    Tloc           0%         N/A       41%         2
 Call Imp                 Summ           0%         N/A       41%         2


Dungeon Overview and Level Annotations

Branches:
Dungeon (4/15)
 Temple: D:4-7

Altars:


Innate Abilities, Weirdness & Mutations

You are a hulking beast.
Your limbs bulge with bestial killing power. (Slay +0)
Your natural rate of healing is accelerated.
You have razor-sharp teeth.
You have supernaturally acute eyesight. (SInv)
You are afflicted with vampirism and can become a bat while bloodless.


Message History

The orc zombie barely misses you.
The goblin zombie hits you but does no damage.
An iguana comes into view.
The white imp gestures at you. The puff of frost hits you.
* * * LOW HITPOINT WARNING * * *
The orc zombie barely misses you.
The goblin skeleton attacks as it pursues you!
The goblin skeleton closely misses you. The orc zombie completely misses you.
You hit the goblin skeleton.
You bite the goblin skeleton, but do no damage.
The goblin skeleton is almost destroyed.
You hit the goblin skeleton.
You destroy the goblin skeleton!
The white imp gestures at you. The puff of frost hits you!
* * * LOW HITPOINT WARNING * * *
The goblin zombie attacks as it pursues you!
The goblin zombie misses you.
The goblin zombie attacks as it pursues you!
The goblin zombie barely misses you.
You hear the slow hiss of a very distant avalanche of sand.
The goblin zombie completely misses you.
The goblin zombie attacks as it pursues you!
The goblin zombie misses you.
You barely miss the white imp.
The iguana hisses angrily.
Your bite misses the white imp.
The white imp is lightly wounded.
The white imp hits you.
* * * LOW HITPOINT WARNING * * *
The white imp freezes you.
* * * LOW HITPOINT WARNING * * *
The goblin zombie attacks as it pursues you!
The goblin zombie misses you.
The white imp attacks as it pursues you!
The white imp hits you.
* * * LOW HITPOINT WARNING * * *
The white imp freezes you.
You die...

............#...##
l..$.#...#.#.....##
##+####...........#
...##.......#
.....l......#
...........##
#####...Z...#
#.5..<..# #hZ.....#
##.....## ##...##
#####


You could see an iguana, a white imp (weak-willed), a goblin zombie
(weak-willed) and an orc zombie (weak-willed).

Vanquished Creatures
  Crazy Yiuf (D:3)
  Terence (D:3)
  3 adders
  A dart slug (D:1)
  A ribbon worm (D:2)
  6 endoplasms
  A giant cockroach (D:1)
  4 goblins
  5 hobgoblins
  4 kobolds
  3 quokkas
  6 ball pythons
  2 bats (D:1)
  6 frilled lizards
  3 goblin skeletons (D:4)
  2 hobgoblin zombies (D:4)
  A kobold zombie (D:4)
  2 orc skeletons (D:4)
  4 rats
56 creatures vanquished.

Notes
Turn   | Place    | Note
-------+----------+-------------------------------------------
     0 | D:1      | 7w4c the Vampire Brigand began the quest for the Orb.
     0 | D:1      | Reached XP level 1. HP: 16/16 MP: 1/1
    20 | D:1      | Reached skill level 6 in Stealth
   140 | D:1      | Reached XP level 2. HP: 10/22 MP: 2/2
   744 | D:1      | Gained mutation: You are afflicted with vampirism and can
                  | become a bat while bloodless. [Vampire growth]
   744 | D:1      | Reached XP level 3. HP: 27/27 MP: 3/3
   918 | D:2      | Reached skill level 7 in Stealth
  1793 | D:3      | Found a runed translucent door.
  1794 | D:3      | Noticed Crazy Yiuf
  1942 | D:3      | Noticed Terence
  1949 | D:3      | Killed Terence
  1950 | D:3      | Reached XP level 4. HP: 33/33 MP: 4/4
  2312 | D:3      | Killed Crazy Yiuf
  2313 | D:3      | Reached skill level 8 in Stealth
  2458 | D:4      | Reached XP level 5. HP: 33/38 MP: 5/5
  2548 | D:4      | Slain by a white imp

Illustrated notes

Levels and vault maps discovered:
D:1:      dpeg_arrival_radiant, layout_loops_ring, minmay_tall_x
D:2:      layout_loops_ring
D:3:      layout_basic, uniq_terence, uniq_crazy_yiuf_cottage
D:4:      layout_rooms, nicolae_tso_besieged_by_evil,
          nicolae_ossuary_entry_giza, kennysheep_pointless_box, corner_web_ring,
          kennysheep_generic_room_10

Skill      XL: |  1  2  3  4  5 |
---------------+----------------+-----
Stealth        | 6 7 8 |  8.1
Fighting       | 2 |  2.2
Short Blades   | 3 |  3.1
Dodging        | 2 |  2.0
Throwing       | |  1.7
Shapeshifting  | |  0.6

Action                     |  1- 3 |  4- 6 || total
---------------------------+-------+-------++-------
  Melee: Dagger            |   112 |    56 ||   168
         Bite              |     9 |     6 ||    15
         Punch             |     2 |     2 ||     4
  Throw: Dart              |       |     2 ||     2
    Use: Scroll            |     2 |     2 ||     4
         Potion            |     1 |     2 ||     3
   Stab: Sleeping          |    16 |     2 ||    18
 Armour: Robe              |    64 |    34 ||    98
  Dodge: Dodged            |    46 |    56 ||   102
   Form: Beast             |     2 |       ||     2
                           |     1 |       ||     1
